 Dungeon Crawl Stone Soup version 0.24-a0-584-g9d6b971 (webtiles) character file.

Game seed: 18388218004733281182, levelgen mode: deterministic

49 EonDragon20 the Poker (level 3, 0/28 HPs)
             Began as a Merfolk Skald on Aug 30, 2019.
             Slain by a gnoll
             ... wielding a +2 whip of electrocution
              (6 damage)
             ... on level 2 of the Dungeon.
             The game lasted 00:04:36 (1978 turns).

EonDragon20 the Poker (Merfolk Skald)               Turns: 1978, Time: 00:04:36

Health: 0/28       AC:  3    Str: 11    XL:     3   Next: 77%
Magic:  2/6        EV: 12    Int: 13    God:
Gold:   49         SH:  0    Dex: 13    Spells: 1/6 levels left

rFire    . . .     SeeInvis .   a - +0 spear
rCold    . . .     Gourm    .   (no shield)
rNeg     . . .     Faith    .   b - +0 leather armour
rPois    .         Spirit   .   (no helmet)
rElec    .         Reflect  .   (no cloak)
rCorr    .         Harm     .   (no gloves)
MR       .....                  (no boots)
Stlth    +.........             (no amulet)
HPRegen  0.09/turn              (no ring)
MPRegen  0.10/turn              (no ring)

@: infused, singing
A: change form in water, swift swim, stealthy swim
a: no special abilities


You were on level 2 of the Dungeon.
You were not hungry.

You visited 1 branch of the dungeon, and saw 2 of its levels.

You collected 49 gold pieces.

Inventory:

Hand Weapons
 a - a +0 spear (weapon)
 h - a +1 dagger of venom
Armour
 b - a +0 leather armour (worn)
 i - a +0 helmet
Potions
 c - a potion of haste {unknown}
 f - a potion of resistance
 j - a potion of lignification {unknown}
Comestibles
 d - a ration


   Skills:
 + Level 2.6 Fighting
 * Level 4.6 Polearms
 - Level 0.6 Armour
 - Level 2.6 Dodging
 - Level 2.0 Spellcasting
 + Level 4.0 Charms


You had one spell level left.
You knew the following spells:

 Your Spells              Type           Power        Failure   Level  Hunger
a - Infusion              Chrm           ##..         6%          1    ##.....
b - Song of Slaying       Chrm           ##......     10%         2    ###....
c - Shroud of Golubria    Chrm/Tloc      #.....       22%         2    ###....

Your spell library contained the following spells:

 Spells                   Type           Power        Failure   Level  Hunger
 Regeneration             Chrm/Necr      #.........   41%         3    ####...
 Spectral Weapon          Hex/Chrm       #.......     41%         3    ####...


Dungeon Overview and Level Annotations

Branches:
Dungeon (2/15)

Altars:


Message History

There is a stone staircase leading down here.
You climb downwards.
The gnoll completely misses you.
There is a stone staircase leading up, spattered with blood here.
Casting: Infusion (safe; 6% risk of failure)
Confirm with . or Enter, or press ? or * to list all spells.
You start singing a song of slaying.
The gnoll hits you but does no damage. The rat closely misses you.
Casting: Song of Slaying (safe; 10% risk of failure)
Confirm with . or Enter, or press ? or * to list all spells.
You begin infusing your attacks with magical energy.
The gnoll barely misses you. The rat bites you.
You hit the gnoll.
The gnoll is moderately wounded.
The gnoll hits you with a +2 whip of electrocution!
You are electrocuted!
Ouch! That really hurt!
* * * LOW HITPOINT WARNING * * *
The rat bites you but does no damage.
The gnoll hits you with a +2 whip of electrocution.
You die...

#....
.....#########
...........#.###
................
.............#
#g......?#
##........#
#...rg#.#.#
#.###@....# #.
#..#### # #..#
#..# #..# #..#
#..# #.%#


You could see 2 gnolls and a rat.

Vanquished Creatures
  2 gnolls (D:1)
  2 dart slugs (D:1)
  A leopard gecko (D:1)
  6 goblins
  4 hobgoblins (D:1)
  A ball python (D:1)
  A bat (D:1)
  2 frilled lizards (D:1)
  3 kobolds (D:1)
  3 rats (D:1)
25 creatures vanquished.

Notes
Turn   | Place    | Note
-------+----------+-------------------------------------------
     0 | D:1      | EonDragon20 the Merfolk Skald began the quest for the Orb.
     0 | D:1      | Reached XP level 1. HP: 16/16 MP: 3/3
   435 | D:1      | Reached XP level 2. HP: 18/22 MP: 5/5
   446 | D:1      | Learned a level 2 spell: Song of Slaying
   805 | D:1      | Reached XP level 3. HP: 24/28 MP: 3/6
  1963 | D:1      | Learned a level 2 spell: Shroud of Golubria
  1978 | D:2      | Slain by a gnoll

Levels and vault maps discovered:
D:1:      minmay_arrival_nine_rooms, layout_loops_cross
D:2:      minmay_wonky_spiral, layout_basic, zin_scriptorium, first_ration,
          uniq_terence

Skill      XL: |  1  2  3 |
---------------+----------+-----
Polearms       | 4 |  4.6
Charms         | 4 |  4.0
Fighting       | |  2.6
Armour         | |  0.6
Dodging        | |  2.6
Spellcasting   | |  2.0

Action                   || total
-------------------------++-------
Melee: Spear             ||    85
 Cast: Infusion          ||     7
       Song of Slaying   ||     3
  Use: Scroll            ||     3
 Stab: Sleeping          ||     1
  Eat: Ration            ||     1
Armor: Leather armour    ||    17
Dodge: Dodged            ||    36

Table legend:
 A = Non-vault XP
 B = Vault XP
 C = Vault XP percentage of total XP
 D = Non-vault monster count
 E = Vault monster count
 F = Vault count percentage of total count
                 A         B        C        D         E       F
            +---------+---------+-------+---------+---------+-------
      Total |      71 |       0 |   0.0 |      25 |       0 |   0.0
            +---------+---------+-------+---------+---------+-------
        D:1 |      69 |       0 |   0.0 |      24 |       0 |   0.0
        D:2 |       2 |       0 |   0.0 |       1 |       0 |   0.0
            +---------+---------+-------+---------+---------+-------
